 Dungeon Crawl Stone Soup version 0.14-a0-2747-ge969822 (webtiles) character file.

692 Fuzzwah the Cleaver (level 7, -1/57 HPs)
             Began as a Minotaur Berserker on Feb 23, 2014.
             Was an Elder of Trog.
             Slain by Pikel
             ... wielding a +1,+0 whip of flaming
              (2 damage)
             ... on Level 4 of the Dungeon.
             The game lasted 00:10:21 (2282 turns).

Fuzzwah the Cleaver (Minotaur Berserker)            Turns: 2282, Time: 00:10:21

HP  -1/57        AC  6     Str 21      XL: 7   Next: 14%
MP   3/3         EV  9     Int  4      God: Trog [****..]
Gold 109         SH  6     Dex 12      Spells:  0 memorised,  6 levels left

rFire  . . .     SeeInvis .     a - +0 hand axe
rCold  . . .     Clarity  .     p - +0 ring mail
rNeg   . . .     Conserve .     j - +0 elf buckler
rPois  .         rCorr    .     (helmet restricted)
rElec  .         rRot     .     (no cloak)
SustAb . .       Spirit   .     q - +0 pair of gloves
rMut   .         Warding  .     (no boots)
Saprov . . .     Stasis   .     (no amulet)
MR     .....                    (no ring)
                                x - ring of teleport control

@: exhausted, slowed, very slow, not resistant to hostile enchantments,
extremely unstealthy
A: retaliatory headbutt, horns 2
a: Burn Spellbooks, Berserk, Trog's Hand, Brothers in Arms, Renounce Religion,
Evoke Teleport Control


You were on level 4 of the Dungeon.
You worshipped Trog.
Trog was greatly pleased with you.
You were very hungry.

You visited 1 branch of the dungeon, and saw 4 of its levels.

You collected 109 gold pieces.

Inventory:

Hand weapons
 a - a +0,+0 hand axe (weapon)
Armour
 b - a +0 orcish ring mail
 j - a +0 elven buckler (worn)
 o - a +0 buckler
 p - a +0 ring mail (worn)
 q - a +0 pair of gloves (worn)
Magical devices
 u - a wand of digging (9) {unknown}
Comestibles
 c - 2 bread rations
 t - a pear
Scrolls
 d - 2 scrolls of fear {unknown}
 g - a scroll of teleportation {unknown}
 h - 2 scrolls of fog {unknown}
 i - 3 scrolls of identify {unknown}
 l - a scroll of blinking {unknown}
 n - 2 scrolls of remove curse
 s - a scroll of immolation {unknown}
 v - a scroll of amnesia {unknown}
Jewellery
 x - a ring of teleport control (left hand)
Potions
 e - a potion of speed {unknown}
 f - 5 potions of curing
 k - 2 potions of flight {unknown}
 m - a potion of magic {unknown}
 r - a potion of heal wounds {unknown}
 w - a potion of lignification {unknown}


   Skills:
 - Level 3.6 Fighting
 + Level 9.9 Axes
 - Level 2.4 Armour
 - Level 2.1 Dodging


You had 6 spell levels left.
You didn't know any spells.

Dungeon Overview and Level Annotations

Branches:
Dungeon (4/16)             Temple (0/1) D:4

Altars:

Annotations:
D:4 Pikel


Innate Abilities, Weirdness & Mutations

You reflexively headbutt those who attack you in melee.
You have a pair of horns on your head.


Message History

Pikel is severely wounded.
Pikel hits you with a whip of flaming.
* * * LOW HITPOINT WARNING * * *
Pikel burns you.
* * * LOW HITPOINT WARNING * * *
You hit Pikel but do no damage. Your headbutt misses Pikel.
Pikel is severely wounded.
Pikel hits you with a whip of flaming.
* * * LOW HITPOINT WARNING * * *
Pikel burns you.
* * * LOW HITPOINT WARNING * * *
You barely miss Pikel.
Pikel is severely wounded.
Pikel barely misses you. You furiously retaliate!
You headbutt Pikel. You barely miss Pikel.
Pikel is severely wounded.
Pikel hits you with a whip of flaming.
* * * LOW HITPOINT WARNING * * *
Pikel burns you.
You die...

#### ### #<#.# #.## #.#.. #...
#.#.# #.## ######### #.#.# #
###.## ........# #.#.### #.#.....
#####.# #@#...#####.#.#.#.
###...#.########K#...##........#.
...............@h@...............
..#..............#.####.......##.
..#.......#.........# #.........>
..........#.###.....# #.......##.
............# #.....# #...(...##.
............# ##.#.## #.......##.
..####......# #.#.# #######...


You could see Pikel, 2 slaves and a jackal.

Vanquished Creatures
  Sigmund (D:3)
  Duvessa (D:4)
  2 hounds (D:4)
  A goliath beetle (D:4)
  Dowan (D:4)
  An orc priest (D:4)
  An iguana (D:4)
  An orc wizard (D:4)
  Natasha (D:3)
  A scorpion (D:4)
  2 worker ants (D:4)
  Ijyb (D:3)
  Jessica (D:3)
  2 adders (D:2)
  A worm (D:4)
  3 orcs
  A giant cockroach (D:2)
  5 hobgoblins
  13 jackals
  A ball python (D:4)
  10 bats
  4 giant geckos
  3 giant newts
  7 goblins
  A goblin skeleton (D:4)
  10 kobolds
  7 rats
83 creatures vanquished.

Notes
Turn   | Place    | Note
--------------------------------------------------------------
     0 | D:1      | Fuzzwah, the Minotaur Berserker, began the quest for the Orb.
     0 | D:1      | Reached XP level 1. HP: 19/19 MP: 1/1
    51 | D:1      | Reached skill level 4 in Axes
   116 | D:1      | Reached XP level 2. HP: 20/26 MP: 1/1
   326 | D:1      | Acquired Trog's second power
   531 | D:2      | Reached skill level 5 in Axes
   533 | D:2      | Reached XP level 3. HP: 27/31 MP: 2/2
  1137 | D:3      | Noticed Ijyb
  1144 | D:3      | Killed Ijyb
  1144 | D:3      | Reached skill level 6 in Axes
  1144 | D:3      | Reached XP level 4. HP: 39/39 MP: 2/2
  1205 | D:3      | Noticed Sigmund
  1213 | D:3      | Killed Sigmund
  1213 | D:3      | Reached skill level 7 in Axes
  1213 | D:3      | Reached XP level 5. HP: 45/45 MP: 2/2
  1236 | D:3      | Noticed Natasha
  1244 | D:3      | Killed Natasha
  1314 | D:3      | Noticed Jessica
  1318 | D:3      | Killed Jessica
  1730 | D:4      | Found a staircase to the Ecumenical Temple.
  1770 | D:4      | Reached skill level 8 in Axes
  1770 | D:4      | Reached XP level 6. HP: 22/51 MP: 3/3
  2046 | D:4      | Acquired Trog's third power
  2214 | D:4      | Reached skill level 9 in Axes
  2235 | D:4      | Noticed Duvessa
  2235 | D:4      | Noticed Dowan
  2239 | D:4      | Killed Dowan
  2243 | D:4      | Killed Duvessa
  2243 | D:4      | Reached XP level 7. HP: 39/57 MP: 3/3
  2257 | D:4      | Noticed Pikel
  2257 | D:4      | Noticed a slave
  2262 | D:4      | Noticed a slave
  2263 | D:4      | Noticed a slave
  2263 | D:4      | Noticed a slave
  2282 | D:4      | HP: 1/57 [Pikel/whip of flaming (4)]
  2282 | D:4      | Slain by Pikel

Action                   |  1- 3 |  4- 6 |  7- 9 || total
-------------------------+-------+-------+-------++-------
Melee: Hand axe          |    83 |   102 |    31 ||   216
Invok: Berserk           |     1 |     4 |       ||     5
  Use: Scroll            |       |     2 |       ||     2
       Potion            |       |     1 |       ||     1
